 Dungeon Crawl Stone Soup version 0.30.1-9-gdf580d7c3d (webtiles) character file.

Game seed: 1340170563771079656

38713 Zalbag the Severer (level 13, -10/119 HPs)
             Began as a Minotaur Fighter on Oct 16, 2023.
             Was a High Priest of Makhleb.
             Killed from afar by a lindwurm (16 damage)
             ... with a blast of flame
             ... on level 5 of the Lair of Beasts.
             The game lasted 00:47:24 (15647 turns).

Zalbag the Severer (Minotaur Fighter)              Turns: 15647, Time: 00:47:24

Health: -10/119    AC: 13    Str: 27    XL:     13   Next: 65%
Magic:  14/14      EV: 18    Int:  5    God:    Makhleb [*****.]
Gold:   1351       SH:  6    Dex:  9    Spells: 12/12 levels left

rFire   + . .        r - +1 hand axe (flame)
rCold   x . .        c - +0 buckler
rNeg    . . .        s - +2 ring mail {rPois}
rPois   +            (helmet restricted)
rElec   .            G - +0 cloak
rCorr   .            E - +0 pair of gloves
SInv    .            U - +0 pair of boots
Will    .....        (no amulet) Stlth
                     y - +5 ring of evasion
HPRegen 0.39/turn    x - ring of fire
MPRegen 0.14/turn

%: no passive effects
@: about to teleport, studying 2 skills
A: horns 2, retaliatory headbutt
a: Renounce Religion, Minor Destruction, Lesser Servant of Makhleb, Major
Destruction, Greater Servant of Makhleb


You were on level 5 of the Lair of Beasts.
You worshipped Makhleb.
Makhleb was extremely pleased with you.
You visited 4 branches of the dungeon, and saw 17 of its levels.

You collected 1471 gold pieces.
You spent 120 gold pieces at shops.

Inventory:

Hand Weapons
 k - a +4 spectral club
 r - a +1 hand axe of flaming (weapon)
Missiles
 d - a curare-tipped dart
 C - 14 boomerangs (quivered)
 I - 3 atropa-tipped darts
 V - 2 throwing nets
Armour
 a - +0 acid dragon scales
 c - a +0 buckler (worn)
 s - a +2 ring mail of poison resistance (worn)
 E - a +0 pair of gloves (worn)
 G - a +0 cloak (worn)
 U - a +0 pair of boots (worn)
Jewellery
 t - a +5 ring of evasion
 v - a ring of protection from cold
 x - a ring of fire (right hand)
 y - a +5 ring of evasion (left hand)
 H - a +4 ring of protection
 K - a +6 ring of intelligence
Wands
 D - a wand of digging (9)
 L - a wand of flame (8)
 N - a wand of iceblast (2)
 W - a wand of mindburst (8)
Scrolls
 f - 5 scrolls of enchant armour {unknown}
 g - 2 scrolls of noise {unknown}
 i - a scroll of butterflies
 m - 5 scrolls of vulnerability {unknown}
 n - 4 scrolls of teleportation
 z - a scroll of brand weapon
 B - 4 scrolls of blinking {unknown}
 F - 3 scrolls of enchant weapon {unknown}
 O - 2 scrolls of magic mapping {unknown}
 Q - 4 scrolls of amnesia
 R - 2 scrolls of fog {unknown}
 S - a scroll of silence
 T - a scroll of poison {unknown}
Potions
 b - 2 potions of might
 e - 7 potions of brilliance
 h - 6 potions of haste
 j - 10 potions of curing
 p - 3 potions of mutation {unknown}
 w - 2 potions of magic
 A - a potion of lignification
 J - 3 potions of cancellation {unknown}
 P - 2 potions of resistance {unknown}
 X - a potion of flight
 Y - 3 potions of attraction
 Z - a potion of ambrosia


   Skills:
 + Level 12.7 Fighting
 + Level 15.7(16.0) Axes
 - Level 5.6(11.6) Maces & Flails
 - Level 5.0 Throwing
 - Level 10.0 Armour
 + Level 8.3 Dodging
 - Level 12.2 Shields
 + Level 3.3 Invocations
 - Level 4.4 Evocations


You had 12 spell levels left.
You didn't know any spells.
Your spell library contained the following spells:

 Spells                   Type           Power      Damage    Failure   Level
 Necrotise                Necr           0%         1d4       63%         1
 Ensorcelled Hibernation  Hex/Ice        0%         N/A       77%         2
 Static Discharge         Conj/Air       0%         2-2/arc   77%         2
 Sublimation of Blood     Necr           0%         N/A       77%         2
 Wereblood                Tmut           0%         N/A       77%         2
 Frozen Ramparts          Ice            0%         1d1       94%         3
 Inner Flame              Hex/Fire       0%         N/A       94%         3
 Ozocubu's Armour         Ice            0%         N/A       94%         3
 Portal Projectile        Hex/Tloc       0%         N/A       94%         3
 Tukima's Dance           Hex            0%         N/A       94%         3
 Vampiric Draining        Necr           0%         2d6       94%         3
 Airstrike                Air            0%         2d(0-16)  100%        4
 Ice Form                 Ice/Tmut       0%         N/A       100%        4
 Summon Ice Beast         Ice/Summ       0%         N/A       100%        4
 Summon Lightning Spire   Summ/Air       0%         N/A       100%        4
 Agony                    Necr           0%         N/A       100%        5
 Blade Hands              Tmut           0%         N/A       100%        5
 Metabolic Englaciation   Hex/Ice        0%         N/A       100%        5
 Summon Mana Viper        Hex/Summ       0%         N/A       100%        5
 Simulacrum               Ice/Necr       0%         N/A       100%        6
 Monstrous Menagerie      Summ           0%         N/A       100%        7
 Summon Hydra             Summ           0%         N/A       100%        7


Dungeon Overview and Level Annotations

Branches:
Dungeon (10/15)            Temple (1/1) D:7            Lair (5/5) D:8
  Swamp (0/4) Lair:2        Snake (0/4) Lair:3        Slime (0/5) Lair:5
    Orc (1/2) D:10

Altars:
Cheibriados
Dithmenos
Elyvilon
Fedhas
Hepliaklqana
Kikubaaqudgha
Makhleb
Nemelex Xobeh
Okawaru
Qazlal
Ru
Sif Muna
Trog
Uskayaw
Vehumet
Wu Jian
Xom
Yredelemnul
Zin
The Shining One

Shops:
D:2 !   D:6 [   D:9 *

Annotations:
D:3 2 runed translucent doors, amswer's ghost, amateur HuNe


Innate Abilities, Weirdness & Mutations

You have a pair of horns on your head.
You reflexively headbutt those who attack you in melee.


Message History

Your headbutt misses the tyrant leech.
The tyrant leech is severely wounded.
The tyrant leech bites you.
The tyrant leech draws strength from your injuries!
Unknown command.
You barely miss the tyrant leech. Your headbutt misses the tyrant leech.
The tyrant leech is severely wounded.
You hit the tyrant leech but do no damage.
The tyrant leech is severely wounded.
You block the tyrant leech's attack.
You slash the tyrant leech! You burn the tyrant leech.
The tyrant leech is almost dead.
You miss the tyrant leech.
The tyrant leech is almost dead.
The tyrant leech bites you!
* * * LOW HITPOINT WARNING * * *
The tyrant leech draws strength from your injuries!
You slash the tyrant leech! You burn the tyrant leech.
You headbutt the tyrant leech!
The tyrant leech is almost dead.
You hit the tyrant leech but do no damage.
Your headbutt misses the tyrant leech.
The tyrant leech is almost dead.
The tyrant leech bites you!!
* * * LOW HITPOINT WARNING * * *
The tyrant leech draws strength from your injuries!
Okay, then.
As you read the scroll of teleportation, it crumbles to dust.
You feel strangely unstable.
Unknown command.
Your surroundings suddenly seem different.
The lindwurm breathes flames at you. The blast of flame hits you. You resist.
* * * LOW HITPOINT WARNING * * *
As you read the scroll of teleportation, it crumbles to dust.
You feel strangely unstable.
Unknown command.
The lindwurm breathes flames at you. The blast of flame hits you! You resist.
You die...

#........## #..#.# ##........###
#....### #........#.### ##.....#
##......[....## ##.....#
#.....####...###P.....#
####....# #.....##....### ###
####.##....#####..##......#
#.###.#.#.......####..####....#
#..##...........@....kwk†...†###
......................##.....[.#
......#..............######.(###
........................####[.#
.........(....................#
......####....##........#.#..##
......####...........#(#######
#...P..#.##....###...##.##
.........#.##.## ###.###y##


You could see a tyrant leech and 2 lindwurms.

Vanquished Creatures
  An ice dragon (Lair:5)
  3 hydras
  2 boulder beetles (Lair:3)
  8 death yaks
  2 two-headed ogres
  A skyshark (Lair:2)
  10 elephants
  6 black mambas
  Joseph (D:9)
  4 torpor snails (Lair:5)
  5 cane toads
  6 komodo dragons
  7 rime drakes
  4 trolls
  A tyrant leech (Lair:5)
  3 hornets (Lair:5)
  7 blink frogs
  12 dream sheep
  2 wyverns
  A spriggan (Lair:3)
  23 yaks
  A basilisk (Lair:1)
  Grum (D:10)
  Menkaure (D:6)
  3 steam dragons
  2 acid dragons
  3 nagas (Lair:3)
  13 water moccasins
  An ice beast (D:6)
  7 orc warriors
  2 swamp drakes
  2 ogres
  9 wolves
  4 centaurs
  A phantom (D:4)
  9 bullfrogs
  A gnoll sergeant (D:9)
  A kobold brigand (D:9)
  3 scorpions
  9 wights
  6 killer bees (D:10)
  3 electric eels
  6 howler monkeys
  8 hounds
  2 gnoll boudas
  5 orc priests
  2 sleepcaps
  Jessica (D:2)
  11 iguanas
  14 orc wizards
  9 hell rats
  A mummy (D:3)
  18 gnolls
  11 adders
  2 white imps
  2 ufetubi
  10 dart slugs
  54 orcs
  4 bats
  An endoplasm (D:1)
  7 giant cockroaches
  3 goblins
  12 hobgoblins
  7 jackals
  9 kobolds
  4 quokkas
  7 ball pythons
  5 frilled lizards
  8 rats
414 creatures vanquished.

Vanquished Creatures (others)
  2 spectral weapons
2 creatures vanquished.

Grand Total: 416 creatures vanquished

Notes
Turn   | Place    | Note
-------+----------+-------------------------------------------
     0 | D:1      | Zalbag the Minotaur Fighter began the quest for the Orb.
     0 | D:1      | Reached XP level 1. HP: 19/19 MP: 0/0
    87 | D:1      | Reached skill level 3 in Axes
    87 | D:1      | Reached XP level 2. HP: 20/26 MP: 1/1
   349 | D:1      | Reached XP level 3. HP: 23/31 MP: 2/2
   746 | D:2      | Found Zurodghe's Distillery.
   749 | D:2      | Reached skill level 4 in Axes
   755 | D:2      | Bought a potion of curing for 36 gold pieces
   765 | D:2      | Reached XP level 4. HP: 22/39 MP: 3/3
   772 | D:2      | Noticed Jessica
   774 | D:2      | Reached skill level 5 in Axes
   777 | D:2      | Killed Jessica
   910 | D:2      | Reached XP level 5. HP: 46/46 MP: 4/4
  1237 | D:2      | Bought a potion of heal wounds for 60 gold pieces
  1351 | D:3      | Found a runed translucent door.
  1353 | D:3      | Noticed amswer's ghost (amateur HuNe)
  1478 | D:3      | Reached skill level 1 in Dodging
  1570 | D:3      | Found a runed translucent door.
  1607 | D:3      | Found a snail-covered altar of Cheibriados.
  1798 | D:3      | Reached skill level 5 in Shields
  1962 | D:4      | Reached skill level 6 in Axes
  1962 | D:4      | Reached XP level 6. HP: 43/52 MP: 5/5
  2111 | D:4      | Noticed an orc warrior
  2128 | D:4      | Killed an orc warrior
  2298 | D:4      | Reached skill level 7 in Axes
  2298 | D:4      | Reached XP level 7. HP: 59/59 MP: 6/6
  2306 | D:4      | Got the Lectures on Bad Luck
  2835 | D:5      | Entered Level 5 of the Dungeon
  3507 | D:5      | Reached skill level 8 in Axes
  3537 | D:5      | Reached XP level 8. HP: 58/66 MP: 7/7
  3715 | D:5      | Found a stormy altar of Qazlal.
  3949 | D:6      | Reached skill level 9 in Axes
  4056 | D:6      | Noticed Menkaure
  4082 | D:6      | Killed Menkaure
  4230 | D:6      | Reached skill level 1 in Maces & Flails
  4570 | D:6      | You fall into a shaft and drop 3 floors!
  4595 | D:9      | Noticed a troll
  4605 | D:9      | Killed a troll
  4606 | D:9      | Reached skill level 5 in Dodging
  4606 | D:9      | Reached XP level 9. HP: 53/71 MP: 8/8
  4678 | D:8      | Noticed a two-headed ogre
  4702 | D:7      | Reached skill level 10 in Axes
  4702 | D:7      | Reached skill level 5 in Armour
  4711 | D:7      | Reached skill level 5 in Fighting
  4887 | D:7      | Reached skill level 10 in Shields
  4965 | D:7      | Found a glowing silver altar of Zin.
  5028 | D:7      | Found a staircase to the Ecumenical Temple.
  5065 | Temple   | Entered the Ecumenical Temple
  5223 | Temple   | Became a worshipper of Makhleb the Destroyer
  5374 | D:6      | Found a hide-covered altar of Uskayaw.
  5374 | D:6      | Found a shadowy altar of Dithmenos.
  5525 | D:6      | Reached XP level 10. HP: 79/81 MP: 9/9
  5589 | D:6      | Found Xolum's Armour Emporium.
  6308 | D:8      | Killed a two-headed ogre
  6392 | D:8      | Reached skill level 11 in Axes
  6413 | D:8      | Noticed a death yak
  6413 | D:8      | Noticed a death yak
  6429 | D:8      | Noticed a death yak
  6436 | D:8      | Noticed a death yak
  6436 | D:8      | Noticed a death yak
  6453 | D:7      | Killed a death yak
  6629 | D:8      | Noticed a death yak
  6629 | D:8      | Noticed a death yak
  6629 | D:8      | Noticed a death yak
  6642 | D:7      | Killed a death yak
  6717 | D:8      | Found a staircase to the Lair.
  6767 | D:7      | Killed a death yak
  7125 | D:7      | Killed a death yak
  7148 | D:7      | Killed a death yak
  7149 | D:7      | Reached XP level 11. HP: 27/94 MP: 10/10
  7378 | D:8      | Reached skill level 12 in Axes
  7468 | D:9      | Noticed a two-headed ogre
  7475 | D:9      | Killed a two-headed ogre
  7765 | D:9      | Reached * piety under Makhleb
  7861 | D:9      | Found Uluuv's CLEARANCE SALE!.
  7880 | D:9      | Bought a potion of magic for 24 gold pieces
  7937 | D:9      | Noticed Joseph
  7952 | D:9      | Killed Joseph
  8206 | D:10     | Entered Level 10 of the Dungeon
  8372 | D:10     | Noticed Grum
  8417 | D:10     | Killed Grum
  8642 | D:10     | Reached ** piety under Makhleb
  9081 | D:10     | Found a staircase to the Orcish Mines.
  9134 | Orc:1    | Entered Level 1 of the Orcish Mines
  9143 | D:10     | Reached skill level 13 in Axes
  9143 | D:10     | Reached skill level 10 in Armour
  9144 | Orc:1    | Noticed an orc high priest
  9258 | Lair:1   | Entered Level 1 of the Lair of Beasts
  9394 | Lair:1   | Reached skill level 5 in Maces & Flails
  9569 | Lair:1   | Reached *** piety under Makhleb
  9655 | Lair:1   | Reached skill level 1 in Throwing
  9655 | Lair:1   | Reached XP level 12. HP: 69/105 MP: 11/11
 10268 | Lair:2   | Found a staircase to the Swamp.
 10718 | Lair:2   | Reached skill level 10 in Fighting
 11163 | Lair:3   | Noticed a boulder beetle
 11192 | Lair:3   | Killed a boulder beetle
 11303 | Lair:3   | Reached skill level 14 in Axes
 11395 | Lair:3   | Noticed a boulder beetle
 11513 | Lair:3   | Reached skill level 1 in Evocations
 11558 | Lair:3   | Found a staircase to the Snake Pit.
 11773 | Lair:3   | Killed a boulder beetle
 12240 | Lair:4   | Noticed a seven-headed hydra
 12250 | Lair:4   | Killed a one-headed hydra
 12371 | Lair:4   | Reached **** piety under Makhleb
 12707 | Lair:4   | Reached skill level 5 in Throwing
 13259 | Lair:5   | Entered Level 5 of the Lair of Beasts
 13455 | Lair:5   | Reached XP level 13. HP: 87/116 MP: 12/12
 13834 | Lair:5   | Reached skill level 15 in Axes
 13905 | Lair:5   | Found a runed translucent door.
 14240 | Lair:4   | Reached skill level 1 in Invocations
 14596 | Lair:5   | Reached ***** piety under Makhleb
 14624 | Lair:5   | Found a staircase to the Slime Pits.
 15508 | Lair:5   | Noticed a fire dragon
 15644 | Lair:5   | HP: 5/119 [lindwurm/blast of flame (2)]
 15647 | Lair:5   | Killed from afar by a lindwurm

Illustrated notes

Levels and vault maps discovered:
D:1:      matt_arrival_diagonals, layout_basic, nicolae_grassy_gnolls
D:2:      layout_rooms, serial_shops, shop, uniq_jessica
D:3:      layout_basic, chei_slow_surprise, ebering_ghost_sewer_f
D:4:      layout_basic
D:5:      layout_loops_corners, mainiacjoe_overflow_alcove_4, minmay_circle_x
D:6:      layout_loops_ring, jmf_multi_god_temple, serial_shops,
          nicolae_shop_hallway_plus, minmay_manual_macuahuitl, uniq_menkaure
D:7:      layout_loops_ring, zin_academy, minmay_temple_entry_statues
D:8:      layout_rooms, mainiacjoe_overflow_concentric_impassable,
          lemuel_tele_altar, dpeg_lair_monsters, serial_corexii_hall,
          chequers_hall_statues_corner_a, chequers_hall_statues_corner_a
D:9:      layout_basic, nicolae_shop_clearance, uniq_joseph
D:10:     layout_basic, erik_orc_1, uniq_grum
Temple:   hellmonk_temple_of_storms
Lair:1:   layout_long_grid, grunt_megastairs_5
Lair:2:   layout_chaotic_city, swamp_mist, serial_bayou, serial_bayou_lagoon_a,
          serial_bayou_pond_c, serial_bayou_pond_a, serial_bayou_lagoon_b
Lair:3:   layout_loops_ring, minmay_snake_entry_guardpost_small,
          grunt_forest_large_clearing_hut
Lair:4:   layout_small_grid, cheibrodos_lair_caveside_slide,
          nicolae_quartered_pool_impasse
Lair:5:   guppyfry_lair_end_dragon, layout_loops_ring, wormcave, slime_entry_1
Orc:1:    layout_diamond_mine

Skill      XL: |  1  2  3  4  5  6  7  8  9 10 11 12 13 |
---------------+----------------------------------------+-----
Axes           | 3 4 5 6 7 8 9 10 11 13 14 15 | 15.7
Shields        | 4 5 6 7 9 10 11 12 | 12.2
Dodging        | 1 2 5 6 7 8 |  8.3
Fighting       | 4 6 8 9 11 12 | 12.7
Armour         | 4 6 8 10 | 10.0
Maces & Flails | 3 5 |  5.6
Throwing       | 1 5 |  5.0
Evocations     | 3 4 |  4.4
Invocations    | 3 |  3.3

Action                     |  1- 3 |  4- 6 |  7- 9 | 10-12 | 13-15 || total
---------------------------+-------+-------+-------+-------+-------++-------
  Melee: War axe           |    54 |    10 |       |       |       ||    64
         Headbutt          |    10 |    23 |    61 |   180 |    94 ||   368
         Club              |       |   143 |   298 |   691 |       ||  1132
         Hand axe          |       |       |       |    90 |   323 ||   413
  Throw: Boomerang         |       |     5 |     6 |     7 |    13 ||    31
         Dart              |       |       |     8 |    18 |     9 ||    35
         Throwing net      |       |       |     1 |       |       ||     1
  Evoke: Wand              |       |       |     4 |     5 |     2 ||    11
    Use: Potion            |       |     1 |     2 |       |     3 ||     6
         Scroll            |       |       |       |    14 |    10 ||    24
   Stab: Distracted        |       |       |     1 |     7 |       ||     8
         Confused          |       |       |       |     2 |       ||     2
         Invisible         |       |       |       |       |     1 ||     1
 Armour: Scale mail        |    18 |    59 |     3 |       |       ||    80
         Ring mail         |       |       |    63 |   179 |    85 ||   327
  Dodge: Dodged            |    21 |    69 |   161 |   445 |   176 ||   872
  Block: Buckler           |     6 |    27 |    49 |   194 |    77 ||   353
